 Dungeon Crawl Stone Soup version 0.29.1-2-gbd0b4ee654 (webtiles) character file.

Game seed: 7464644156754523459

6785 raph the Spear-Bearer (level 11, -6/86 HPs)
             Began as a Merfolk Berserker on Nov 5, 2022.
             Was a Priest of Trog.
             Mangled by a blink frog (14 damage)
             ... on level 1 of the Lair of Beasts.
             The game lasted 00:14:45 (12373 turns).

raph the Spear-Bearer (Merfolk Berserker)          Turns: 12373, Time: 00:14:46

Health: -6/86      AC: 15    Str: 17    XL:     11   Next: 5%
Magic:  11/11      EV: 16    Int:  7    God:    Trog [***...]
Gold:   136        SH: 16    Dex: 20    Spells: 10/10 levels left

rFire   . . .      SeeInvis +   c - +2 trident (vamp)
rCold   + . .      Faith    .   e - +4 kite shield "Vaegiuf" {-Cast rC+ Dex+2 Stlth+}
rNeg    . . .      Spirit   .   C - +0 acid dragon scales
rPois   .          Reflect  .   F - +0 helmet
rElec   .          Harm     .   (no cloak)
rCorr   +          Rampage  .   A - +0 pair of gloves
Will    .....      NoCast   +   z - +0 pair of boots
Stlth   ++........              q - amulet of the acrobat
HPRegen 0.24/turn               H - +4 ring of protection
MPRegen 0.12/turn               p - ring of see invisible

@: on berserk cooldown, slowed, very slow
A: (nimble swimmer 2), mertail
a: Renounce Religion, Berserk, Trog's Hand


You were on level 1 of the Lair of Beasts.
You worshipped Trog.
Trog was most pleased with you.
You visited 2 branches of the dungeon, and saw 10 of its levels.

You collected 568 gold pieces.
You spent 432 gold pieces at shops.

Inventory:

Hand Weapons
 a - a +2 spear
 c - a +2 vampiric trident (weapon)
 x - a +0 trident
Missiles
 d - 5 throwing nets
 k - 9 javelins
 B - 5 poisoned darts
 G - 5 boomerangs (quivered)
Armour
 e - the +4 kite shield "Vaegiuf" (worn) {-Cast rC+ Dex+2 Stlth+}
   (You acquired it on level 3 of the Dungeon)

   Dex:       It affects your dexterity (+2).
   rC:        It protects you from cold.
   -Cast:     It prevents spellcasting.
   Stlth:     It makes you more stealthy.
 z - a +0 pair of boots (worn)
 A - a +0 pair of gloves (worn)
 C - +0 acid dragon scales (worn)
 F - a +0 helmet (worn)
Jewellery
 g - a ring of magical power
 p - a ring of see invisible (right hand)
 q - an amulet of the acrobat (around neck)
 E - an amulet of reflection
 H - a +4 ring of protection (left hand)
Wands
 n - a wand of mindburst (17)
 o - a wand of flame (4)
 u - a wand of roots (24)
 y - a wand of light (11)
Scrolls
 f - 3 scrolls of teleportation
 j - 6 scrolls of immolation
 D - 3 scrolls of identify
 I - a scroll of enchant weapon
Potions
 b - 3 potions of flight
 h - 2 potions of cancellation
 i - 2 potions of berserk rage
 l - 4 potions of curing
 m - a potion of mutation
 r - a potion of lignification
 s - a potion of might
 t - a potion of attraction
 v - a potion of heal wounds
 w - a potion of magic


   Skills:
 + Level 8.1 Fighting
 - Level 12.0 Polearms
 + Level 5.3 Armour
 + Level 9.1 Dodging
 * Level 7.9 Shields


You had 10 spell levels left.
You didn't know any spells.
Your spell library was empty.

Dungeon Overview and Level Annotations

Branches:
Dungeon (9/15)             Temple (0/1) D:5            Lair (1/5) D:9
    Orc: D:9-12

Altars:
Ashenzari
Elyvilon
Sif Muna
Uskayaw
Zin

Shops:
D:3 =   D:9 *

Annotations:
D:8 1 transporter
Lair:1 exclusion: oklob plant


Innate Abilities, Weirdness & Mutations

((You are very nimble when in or above water. (Stealth+, EV+, Speed+++)))
Your lower body shifts to a powerful aquatic tail in water.


Message History

* * * LOW HITPOINT WARNING * * *
The blink frog blinks!
You closely miss the basilisk.
The basilisk is moderately wounded.
The blink frog hits you but does no damage.
The blink frog barely misses you. You block the hell rat's attack.
Unknown command.
You hit the basilisk.
You feel better.
The basilisk is moderately wounded.
You block the blink frog's attack. The basilisk misses you.
You block the blink frog's attack. The hell rat misses you.
You miss the basilisk.
The basilisk is moderately wounded.
You puncture the basilisk!
You feel better.
The basilisk is almost dead.
The blink frog completely misses you. The blink frog hits you.
* * * LOW HITPOINT WARNING * * *
The basilisk bites you!
* * * LOW HITPOINT WARNING * * *
The hell rat bites you but does no damage.
You hit the basilisk.
You feel better.
The basilisk is almost dead.
The blink frog hits you but does no damage.
You hit the basilisk.
You feel better.
You kill the basilisk!
Trog accepts your kill. The hell rat barely misses you.
The blink frog completely misses you.
Your life force feels restored.
You closely miss the blink frog.
The blink frog is heavily wounded.
The blink frog blinks!
The blink frog hits you.
* * * LOW HITPOINT WARNING * * *
You block the hell rat's attack.
You impale the blink frog!!
You kill the blink frog!
Trog accepts your kill.
You are no longer berserk.
You are exhausted.
You feel yourself slow down. The blink frog hits you!
You die...

.... #####..............#
##.#.. ..⌠.
#.......#.##.##..# #.....
.. ..#P.....#.........
##.... ..
#......#......#.P. #.... .
..#.##.#........P_P #.....
....##.⌠.##.....#..###.....
....#...........# . #.....
.⌠.+..>.††F§...# .......
......†@##..##.. .......
....F.##rr...... ......
##.#....r.../$.. ..#..
........F....... ##.
.....###+#...... #. .....
...... ## .... ...... # #
..... # ..... #


You could see 2 blink frogs, a bullfrog and 3 hell rats.

Vanquished Creatures
  Harold (D:9)
  A two-headed ogre (D:8)
  Maggie (D:6)
  A cane toad (Lair:1)
  A komodo dragon (Lair:1)
  A hornet (D:9)
  A blink frog (Lair:1)
  A shadow (D:9)
  A wyvern (D:7)
  A wraith (D:9)
  2 basilisks (Lair:1)
  A steam dragon (D:7)
  Menkaure (D:6)
  2 wargs
  Duvessa (D:7)
  A water moccasin (Lair:1)
  2 ice beasts
  4 orc warriors
  3 sky beasts
  A black bear (D:6)
  3 ogres
  A centaur (D:6)
  3 bullfrogs
  2 necrophages (D:7)
  A gnoll sergeant (D:5)
  3 scorpions
  Dowan (D:7)
  4 killer bees (D:9)
  5 hounds
  2 jellies
  3 orc priests
  A gnoll bouda (D:5)
  6 iguanas
  12 orc wizards
  2 hell rats (Lair:1)
  16 gnolls
  8 adders
  34 orcs
  12 endoplasms
  2 giant cockroaches
  2 goblins (D:1)
  7 hobgoblins
  4 jackals (D:4)
  10 kobolds
  2 quokkas
  4 ball pythons
  3 bats
  5 frilled lizards
  4 rats
190 creatures vanquished.

Vanquished Creatures (others)
  2 fungi (Lair:1)
  5 plants (Lair:1)
7 creatures vanquished.

Grand Total: 197 creatures vanquished

Notes
Turn   | Place    | Note
-------+----------+-------------------------------------------
     0 | D:1      | raph the Merfolk Berserker began the quest for the Orb.
     0 | D:1      | Reached XP level 1. HP: 18/18 MP: 1/1
   102 | D:1      | Reached XP level 2. HP: 20/24 MP: 2/2
   560 | D:1      | Reached skill level 5 in Polearms
   877 | D:1      | Found a faded altar of an unknown god.
  1219 | D:2      | Reached XP level 3. HP: 26/29 MP: 3/3
  1559 | D:2      | Reached ** piety under Trog
  1788 | D:2      | Reached skill level 6 in Polearms
  1961 | D:3      | Noticed an ice beast
  1972 | D:3      | Killed an ice beast
  1973 | D:3      | Reached skill level 7 in Polearms
  1973 | D:3      | Reached XP level 4. HP: 35/35 MP: 4/4
  1973 | D:3      | Reached XP level 5. HP: 41/41 MP: 5/5
  2192 | D:3      | Identified a scroll of acquirement
  2192 | D:3      | Acquired the +4 kite shield "Vaegiuf" {-Cast rC+ Dex+2
                  | Stlth+}
  2661 | D:3      | Reached skill level 8 in Polearms
  2715 | D:3      | Found Resoar's Jewellery Boutique.
  2974 | D:4      | Reached XP level 6. HP: 17/47 MP: 6/6
  3557 | D:4      | Reached skill level 9 in Polearms
  3913 | D:5      | Entered Level 5 of the Dungeon
  4133 | D:5      | Reached skill level 10 in Polearms
  4190 | D:4      | Reached XP level 7. HP: 21/52 MP: 7/7
  4440 | D:5      | Found a white marble altar of Elyvilon.
  5036 | D:5      | Reached skill level 11 in Polearms
  5149 | D:5      | You fall into a shaft and drop 3 floors!
  5421 | D:7      | Found a broken altar of Ashenzari.
  5485 | D:7      | Noticed a wyvern
  5530 | D:7      | Noticed a steam dragon
  5536 | D:7      | Noticed Dowan
  5539 | D:7      | Noticed Duvessa
  5541 | D:7      | Killed a steam dragon
  5542 | D:7      | Reached skill level 12 in Polearms
  5542 | D:7      | Reached XP level 8. HP: 49/58 MP: 8/8
  5555 | D:7      | Killed Dowan
  5559 | D:7      | Killed Duvessa
  5560 | D:7      | Reached skill level 1 in Shields
  5764 | D:6      | Noticed Menkaure
  5788 | D:6      | Killed Menkaure
  6673 | D:5      | Found a staircase to the Ecumenical Temple.
  7049 | D:6      | Reached skill level 5 in Dodging
  7241 | D:6      | Reached skill level 5 in Fighting
  7241 | D:6      | Reached XP level 9. HP: 68/68 MP: 9/9
  7328 | D:6      | Noticed Maggie
  7360 | D:6      | Killed Maggie
  7551 | D:6      | Found a shimmering blue altar of Sif Muna.
  9244 | D:8      | Found a transporter.
  9526 | D:8      | Noticed a two-headed ogre
  9541 | D:8      | Killed a two-headed ogre
  9542 | D:8      | Reached skill level 5 in Shields
  9542 | D:8      | Reached XP level 10. HP: 68/77 MP: 10/10
  9898 | D:9      | Found Zin's Purification Station.
  9901 | D:9      | Found a glowing silver altar of Zin.
  9918 | D:9      | Reached *** piety under Trog
  9968 | D:9      | Noticed Harold
 10576 | D:9      | Killed Harold
 11037 | D:9      | Paralysed by a hornet for 1 turns
 11040 | D:9      | Reached skill level 5 in Armour
 11293 | D:9      | Found a staircase to the Lair.
 11449 | D:3      | Bought a +4 ring of protection for 432 gold pieces
 11770 | Lair:1   | Entered Level 1 of the Lair of Beasts
 11833 | Lair:1   | Noticed a cane toad
 11852 | Lair:1   | Killed a cane toad
 12262 | Lair:1   | Found a hide-covered altar of Uskayaw.
 12263 | Lair:1   | Noticed an oklob plant
 12358 | Lair:1   | Reached XP level 11. HP: 15/82 MP: 11/11
 12360 | Lair:1   | HP: 3/123 [hell rat (8)]
 12373 | Lair:1   | Mangled by a blink frog

Illustrated notes

Levels and vault maps discovered:
D:1:      sevenhm_arrival_forest_fort_large_4, layout_basic,
          hellmonk_ecumenical_altar_pennies_from_heaven
D:2:      layout_loops_ring
D:3:      layout_basic, serial_shops, nicolae_shop_hallway_plus
D:4:      layout_rooms, st_stairs_1, minmay_misc_feat_pillars,
          serial_park_tiny_pond
D:5:      layout_basic, mainiacjoe_overflow_tiny_flanked,
          minmay_temple_entry_trees, minmay_misc_feat_columns
D:6:      layout_basic, kennysheep_orc_sif_temple, uniq_menkaure, uniq_maggie
D:7:      layout_basic, mainiacjoe_overflow_chevrons,
          chequers_hall_statues_corner_a, uniq_duvessa
D:8:      layout_loops_corners, nicolae_diode_basic
D:9:      layout_long_grid, zin_purify, erik_lair_orcish_takeover,
          grunt_ministairs_6, uniq_harold
Lair:1:   layout_chaotic_city, lemuel_oklob_altar, lemuel_fruit_fields,
          grunt_megastairs_3

Skill      XL: |  1  2  3  4  5  6  7  8  9 10 |
---------------+-------------------------------+-----
Polearms       | 5 7 8 10 12 | 12.0
Dodging        | 5 7 9 |  9.1
Shields        | 3 5 7 |  7.9
Fighting       | 5 6 8 |  8.1
Armour         | 2 4 5 |  5.3

Action                   |  1- 3 |  4- 6 |  7- 9 | 10-12 || total
-------------------------+-------+-------+-------+-------++-------
Melee: Spear             |   113 |   125 |       |       ||   238
       Trident           |       |    13 |   314 |   250 ||   577
Throw: Boomerang         |       |       |       |    10 ||    10
       Javelin           |       |       |       |     1 ||     1
Invok: Berserk           |     2 |     3 |    14 |     5 ||    24
       Trog's Hand       |       |       |     5 |     2 ||     7
Evoke: Wand              |       |       |     5 |     4 ||     9
  Use: Scroll            |       |    19 |     6 |     2 ||    27
       Potion            |       |       |     2 |       ||     2
 Stab: Sleeping          |     3 |    11 |     9 |     2 ||    25
       Invisible         |       |       |     1 |     1 ||     2
Armor: Animal skin       |     2 |       |       |       ||     2
       Leather armour    |     3 |    16 |     9 |       ||    28
       Acid dragon scale |       |       |    11 |    46 ||    57
Dodge: Dodged            |    37 |    40 |    86 |    76 ||   239
Block: Kite shield       |     5 |    64 |   116 |   148 ||   333
       Buckler           |     1 |       |       |       ||     1
